 Dungeon Crawl Stone Soup version 0.29.1-2-gbd0b4ee654 (webtiles) character file.

Game seed: 7698388688139224272

130 Arctor the Covered (level 4, -3/41 HPs)
             Began as a Minotaur Fighter on Oct 27, 2022.
             Slain by Grinder (4 damage)
             ... on level 3 of the Dungeon.
             The game lasted 00:01:34 (2016 turns).

Arctor the Covered (Minotaur Fighter)               Turns: 2016, Time: 00:01:34

Health: -3/41      AC:  7    Str: 22    XL:     4   Next: 90%
Magic:  3/3        EV:  9    Int:  5    God:
Gold:   122        SH:  4    Dex: 10    Spells: 3/3 levels left

rFire   . . .      SeeInvis .   a - +0 war axe
rCold   + . .      Faith    .   c - +0 buckler
rNeg    + . .      Spirit   .   b - +0 scale mail
rPois   .          Reflect  .   (helmet restricted)
rElec   .          Harm     .   (no cloak)
rCorr   .          Rampage  .   (no gloves)
Will    .....                   (no boots)
Stlth   ..........              (no amulet)
HPRegen 0.13/turn               h - ring of positive energy
MPRegen 0.08/turn               (no ring)

@: mighty, attractive
A: horns 2, retaliatory headbutt, cold resistance 1
a: no special abilities


You were on level 3 of the Dungeon.
You visited 1 branch of the dungeon, and saw 3 of its levels.

You collected 122 gold pieces.

Inventory:

Hand Weapons
 a - a +0 war axe (weapon)
Armour
 b - a +0 scale mail (worn)
 c - a +0 buckler (worn)
Jewellery
 h - a ring of positive energy (left hand)
Wands
 m - a wand of flame (18)
Scrolls
 g - a scroll of vulnerability {unknown}
 i - 2 scrolls of fog {unknown}
 j - 2 scrolls of poison {unknown}
 k - 2 scrolls of identify {unknown}
 l - 2 scrolls of immolation {unknown}
 p - a scroll of fear {unknown}
Potions
 d - a potion of might


   Skills:
 + Level 4.6 Fighting
 + Level 3.6 Axes
 + Level 4.6 Armour
 + Level 4.6 Shields


You had 3 spell levels left.
You didn't know any spells.
Your spell library contained the following spells:

 Spells                   Type           Power      Damage    Failure   Level
 Summon Small Mammal      Summ           0%         N/A       86%         1
 Call Canine Familiar     Summ           0%         N/A       99%         3
 Ozocubu's Armour         Ice            0%         N/A       99%         3
 Summon Guardian Golem    Hex/Summ       0%         N/A       99%         3
 Ozocubu's Refrigeration  Ice            0%         4d7       100%        7


Dungeon Overview and Level Annotations

Branches:
Dungeon (3/15)

Altars:
Qazlal

Annotations:
D:3 Grinder


Innate Abilities, Weirdness & Mutations

You have a pair of horns on your head.
You reflexively headbutt those who attack you in melee.
Your flesh is cold resistant. (rC+)


Message History

Grinder hits you!
* * * LOW HITPOINT WARNING * * *
You closely miss Grinder.
Grinder is moderately wounded.
Grinder hits you but does no damage.
You hit Grinder but do no damage.
Grinder is moderately wounded.
Grinder gestures at you.
You suddenly lose the ability to move!
Grinder hits you but does no damage. Grinder hits you but does no damage.
Grinder hits you.
* * * LOW HITPOINT WARNING * * *
You writhe in agony.
* * * LOW HITPOINT WARNING * * *
Grinder blinks!
Grinder is attracted toward you.
You can move again.
You barely miss Grinder.
Grinder is moderately wounded.
Grinder hits you but does no damage.
You slash Grinder!
Grinder is heavily wounded.
Grinder completely misses you. Grinder barely misses you.
You slash Grinder!
Grinder is almost dead.
Grinder hits you.
* * * LOW HITPOINT WARNING * * *
You closely miss Grinder.
Grinder is almost dead.
Grinder gestures at you.
You suddenly lose the ability to move!
Grinder blinks!
Grinder is attracted toward you. Grinder hits you but does no damage.
You can move again.
You barely miss Grinder. You headbutt Grinder.
Grinder is almost dead.
Grinder gestures at you. Pain shoots through your body!
* * * LOW HITPOINT WARNING * * *
Grinder hits you.
You die...

#..#.....#...# #
#..#.|.[.#.[.# #
#..#######...# #
##.........### #
###########.###.###### #
#.......# #.# #......# #
#..!....# #.# ######.# #
#.......###'########.# #
#...).5@#.........##.# #
#.....ยง)'.........##.###
#.......#.........##....
#.......#.........######
#.......#........[#
#####+###.........#
#.........# ###########


You could see Grinder.

Vanquished Creatures
  Jessica (D:2)
  Natasha (D:2)
  2 adders (D:2)
  A worm (D:3)
  A dart slug (D:2)
  An orc (D:3)
  6 ball pythons
  4 endoplasms
  3 giant cockroaches
  4 hobgoblins
  8 jackals (D:1)
  5 kobolds
  A quokka (D:1)
  6 bats
  A frilled lizard (D:2)
  3 goblins
  4 rats
52 creatures vanquished.

Notes
Turn   | Place    | Note
-------+----------+-------------------------------------------
     0 | D:1      | Arctor the Minotaur Fighter began the quest for the Orb.
     0 | D:1      | Reached XP level 1. HP: 19/19 MP: 0/0
   151 | D:1      | Reached XP level 2. HP: 26/27 MP: 1/1
   401 | D:1      | Reached XP level 3. HP: 30/33 MP: 2/2
   961 | D:2      | Noticed Jessica
   979 | D:2      | Killed Jessica
   980 | D:2      | Reached XP level 4. HP: 13/41 MP: 3/3
  1356 | D:2      | Noticed Natasha
  1362 | D:2      | Killed Natasha
  1556 | D:3      | Found a faded altar of an unknown god.
  1833 | D:3      | Found a stormy altar of Qazlal.
  1990 | D:3      | Noticed Grinder
  1991 | D:3      | Paralysed by Grinder for 5 turns
  1999 | D:3      | Gained mutation: Your flesh is cold resistant. (rC+)
                  | [potion of mutation]
  2006 | D:3      | Paralysed by Grinder for 4 turns
  2013 | D:3      | Paralysed by Grinder for 3 turns
  2016 | D:3      | HP: 1/41 [Grinder/nerve-wracking pain (2)]
  2016 | D:3      | Slain by Grinder

Illustrated notes

Levels and vault maps discovered:
D:1:      psy_arrival_whirlpool, layout_basic
D:2:      layout_rooms, uniq_natasha, uniq_jessica
D:3:      layout_basic, amcnicky_altar_gilded, chequers_ecumenical_altar_simple,
          uniq_grinder

Skill      XL: |  1  2  3 |
---------------+----------+-----
Shields        | 4 |  4.6
Fighting       | 4 |  4.6
Armour         | 4 |  4.6
Axes           | 3 |  3.6

Action                   |  1- 3 |  4- 6 || total
-------------------------+-------+-------++-------
Melee: War axe           |    65 |    41 ||   106
       Headbutt          |     7 |     3 ||    10
  Use: Potion            |       |     5 ||     5
Armor: Scale mail        |    34 |    18 ||    52
Dodge: Dodged            |    33 |    23 ||    56
Block: Buckler           |    19 |     5 ||    24
